 Dungeon Crawl Stone Soup version 0.30.0-16-gbe6223bb7e (webtiles) character file.

Game seed: 11741441765918915102

8 esper6 the Sneak (level 2, -2/16 HPs)
             Began as a Vine Stalker Delver on May 20, 2023.
             Slain by Eustachio
             ... wielding a +0 rapier
              (4 damage)
             ... on level 4 of the Dungeon.
             The game lasted 00:00:36 (128 turns).

esper6 the Sneak (Vine Stalker Delver)               Turns: 128, Time: 00:00:36

Health: -2/16      AC:  3    Str: 14    XL:     2   Next: 8%
Magic:  0/3        EV: 11    Int: 10    God:
Gold:   97         SH:  0    Dex: 15    Spells: 1/1 levels left

rFire   . . .        a - +0 short sword
rCold   . . .        (no shield)
rNeg    . . .        b - +0 leather armour
rPois   .            (no helmet)
rElec   .            (no cloak)
rCorr   .            (no gloves)
SInv    .            (no boots)
Will    .....        (no amulet)
Stlth   +++          (no ring)
HPRegen 0.22/turn    (no ring)
MPRegen 0.08/turn

%: guardian spirit
@: hasted, very quick
A: fangs 2, magic shield, antimagic bite, no potion heal 2
a: no special abilities


You were on level 4 of the Dungeon.
You visited 1 branch of the dungeon, and saw 2 of its levels.

You collected 97 gold pieces.

Inventory:

Hand Weapons
 a - a +0 short sword (weapon)
Armour
 b - a +0 leather armour (worn)
Wands
 g - a wand of digging (3)
Scrolls
 c - a scroll of fog
 d - a scroll of magic mapping
 e - a scroll of fear
 i - 2 scrolls of identify {unknown}
Potions
 h - a potion of curing {unknown}


   Skills:
 - Level 2.6 Fighting
 * Level 2.0 Short Blades
 - Level 1.5 Dodging
 + Level 6.4 Stealth


You had one spell level left.
You didn't know any spells.
Your spell library was empty.

Dungeon Overview and Level Annotations

Branches:
Dungeon (5/15)
 Temple: D:4-7

Altars:

Annotations:
D:4 Eustachio


Innate Abilities, Weirdness & Mutations

You have extremely sharp teeth.
When hurt, damage is shared between your health and your magic reserves.
Your bite disrupts and absorbs the magic of your enemies.
Potions cannot restore your health.


Message History

You hit the kobold but do no damage. You bite the kobold.
You kill the kobold!
Your Short Blades skill increases to level 2!
No target in view!
Things that are here:
a +0 short sword; 2 stones; a kobold corpse HP restored.
Eustachio the Magnificent comes into view.
He is wielding a +0 rapier and wearing a +1 leather armour of fire resistance.
Eustachio is nearby!
Found a scroll labelled MUAREU XIJEACK.
The helpless Eustachio fails to defend himself.
You puncture Eustachio! You bite Eustachio, but do no damage.
Eustachio is moderately wounded.
Eustachio gestures wildly while chanting.
You closely miss Eustachio. You bite Eustachio.
Eustachio's magic leaks into the air.
You drain his magic.
Eustachio is heavily wounded.
Eustachio hits you with a +0 rapier!
Ouch! That really hurt!
You hit Eustachio. Your bite misses Eustachio.
Eustachio is heavily wounded.
Eustachio's magic is no longer disrupted.
The river rat closely misses you. Eustachio closely misses you.
You feel yourself speed up.
The river rat bites you but does no damage.
Eustachio hits you with a +0 rapier.
You miss Eustachio.
Eustachio is heavily wounded.
The river rat bites you!
* * * LOW HITPOINT WARNING * * *
Eustachio mumbles some strange words.
You closely miss Eustachio. You bite Eustachio.
Eustachio's magic leaks into the air.
You drain his magic.
You feel invigorated.
Eustachio is heavily wounded.
The river rat closely misses you.
You hit Eustachio. Your bite misses Eustachio.
Eustachio is heavily wounded.
Eustachio hits you with a +0 rapier!
You die...

#.#######.....##
#.# #..#....
###.### #....#..
#.#...# #.##.PPP
# #.#.###
#.##.... #.#...#
#....P..
##.#.####
#####P..
#.......#### ##
#P.P
##..@?...... ..
##.. ###@rr.....
#.##.# #.....#..
#....# ...#.#...
#.##.# .#.#.#.##
# #.. ## .#.# #
#.[..# .. #.####
## #


You could see Eustachio (magic disrupted) and 2 river rats.

Vanquished Creatures
  An ufetubus (D:5)
  A hobgoblin (D:4)
  A kobold (D:4)
3 creatures vanquished.

Notes
Turn   | Place    | Note
-------+----------+-------------------------------------------
     0 | D:5      | esper6 the Vine Stalker Delver began the quest for the Orb.
     0 | D:5      | Reached XP level 1. HP: 11/11 MP: 2/2
    37 | D:4      | Reached XP level 2. HP: 16/16 MP: 1/3
    95 | D:5      | Noticed a water moccasin
    95 | D:5      | Noticed a black bear
   118 | D:4      | Noticed Eustachio
   128 | D:4      | Slain by Eustachio

Illustrated notes

Levels and vault maps discovered:
D:4:      layout_basic, kennysheep_cross_room, minmay_gold_behind_fungi,
          lexackson_kobold_supper, uniq_eustachio
D:5:      layout_gridville, uniq_menkaure, uniq_duvessa

Skill      XL: |  1  2 |
---------------+-------+-----
Short Blades   | 2 |  2.0
Fighting       | |  2.6
Dodging        | |  1.5
Stealth        | |  6.4

Action                     || total
---------------------------++-------
  Melee: Short sword       ||    21
         Bite              ||     4
    Use: Potion            ||     1
   Stab: Sleeping          ||     2
 Armour: Leather armour    ||     4
  Dodge: Dodged            ||    12
